 Dungeon Crawl Stone Soup version 0.29-b1-12-g9e2288ab2a (webtiles) character file.

Game seed: 12233667339739418801

1416 Zeldest the Caller (level 8, 0/74 HPs)
             Began as a Naga Summoner on Aug 23, 2022.
             Was a Follower of Cheibriados.
             Slain by an orc warrior
             ... wielding a +0 long sword
              (11 damage)
             ... on level 7 of the Dungeon.
             The game lasted 00:17:17 (2491 turns).

Zeldest the Caller (Naga Summoner)                  Turns: 2491, Time: 00:17:18

Health: 0/74       AC:  5    Str: 13    XL:     8   Next: 71%
Magic:  6/12       EV: 10    Int: 20    God:    Cheibriados [*.....]
Gold:   183        SH:  0    Dex: 13    Spells: 7/13 levels left

rFire   . . .      SeeInvis +   o - +5 trident
rCold   . . .      Faith    .   (no shield)
rNeg    . . .      Spirit   .   a - +0 robe
rPois   +          Reflect  .   (no helmet)
rElec   .          Harm     .   (no cloak)
rCorr   .          Rampage  .   y - +1 pair of gloves
Will    +....                   (no barding)
Stlth   ++........              r - amulet of regeneration
HPRegen 1.02/turn               (no ring)
MPRegen 0.13/turn               (no ring)

@: about to teleport, very slow
A: AC +2, large, see invisible, deformed body, poison resistance, slowness 2,
spit poison 1, naga tail 1
a: Spit Poison, Renounce Religion, Bend Time


You were on level 7 of the Dungeon.
You worshipped Cheibriados.
Cheibriados was aware of your devotion.
You visited 2 branches of the dungeon, and saw 8 of its levels.

You collected 183 gold pieces.

Inventory:

Hand Weapons
 o - a +5 trident (weapon)
Armour
 a - a +0 robe (worn)
 y - a +1 pair of gloves (worn)
Magical Staves
 f - a staff of fire
 k - a staff of conjuration
 v - a staff of death
Jewellery
 r - an amulet of regeneration (around neck)
Wands
 l - a wand of digging (4)
 x - a wand of flame (19)
Scrolls
 d - a scroll of poison
 e - 4 scrolls of teleportation
 i - a scroll of immolation
 j - a scroll of blinking
 n - a scroll of silence
 p - a scroll of acquirement
 s - a scroll of torment
Potions
 b - a potion of magic
 c - a potion of attraction {unknown}
 g - 2 potions of mutation {unknown}
 h - 4 potions of heal wounds
 m - a potion of ambrosia {unknown}
 q - a potion of berserk rage {unknown}


   Skills:
 + Level 5.0 Fighting
 - Level 1.5 Dodging
 - Level 3.0 Stealth
 + Level 5.0 Unarmed Combat
 - Level 3.1 Spellcasting
 + Level 6.6 Summonings
 + Level 4.3 Invocations


You had 7 spell levels left.
You knew the following spells:

 Your Spells              Type           Power      Damage    Failure   Level
a - Summon Small Mammal   Summ           100%       N/A       1%          1
b - Call Imp              Summ           29%        N/A       1%          2
c - Call Canine Familiar  Summ           29%        N/A       2%          3

Your spell library contained the following spells:

 Spells                   Type           Power      Damage    Failure   Level
 Summon Guardian Golem    Hex/Summ       16%        N/A       11%         3
 Static Discharge         Conj/Air       3%         3-4/arc   22%         2
 Summon Lightning Spire   Summ/Air       16%        N/A       34%         4
 Confusing Touch          Hex            3%         N/A       38%         3
 Portal Projectile        Hex/Tloc       6%         N/A       38%         3
 Dispel Undead            Necr           3%         3d7       80%         4
 Leda's Liquefaction      Hex/Erth       1%         N/A       80%         4
 Sticky Flame             Conj/Fire      3%         2d3       80%         4
 Yara's Violent Unravell  Hex/Tmut       1%         3d3       98%         5
 Enfeeble                 Hex            1%         N/A       100%        7


Dungeon Overview and Level Annotations

Branches:
Dungeon (7/15)             Temple (1/1) D:5

Altars:
Ashenzari
Cheibriados
Dithmenos
Elyvilon
Fedhas
Gozag
Kikubaaqudgha
Nemelex Xobeh
Okawaru
Qazlal
Ru
Sif Muna
Trog
Uskayaw
Vehumet
Wu Jian
Xom
The Shining One

Shops:
D:6 [   D:7 (

Annotations:
Temple 2 transporters


Innate Abilities, Weirdness & Mutations

Your serpentine skin is tough. (AC +2)
You have supernaturally acute eyesight. (SInv)
Armour fits poorly on your strangely shaped body.
Your system is resistant to poisons. (rPois)
You cover ground very slowly.
You can spit poison.
You have a snake-like lower body.


Message History

The orc shouts!
You hear a shout!
Casting: Call Canine Familiar (mildly dangerous; 2% risk of failure)
Confirm with . or Enter, or press ? or * to list all spells.
The orc warrior hits you with a +0 long sword!
Your hound bites the orc warrior but does no damage.
The orc warrior hits you with a +0 long sword!
Your hound closely misses the orc warrior.
Your hound bites the orc warrior.
Your hound bites the orc warrior but does no damage.
The orc misses your hound.
The orc warrior hits you with a +0 long sword.
Casting: Call Canine Familiar (mildly dangerous; 2% risk of failure)
Confirm with . or Enter, or press ? or * to list all spells.
A beastly little devil appears in a puff of flame.
Your hound completely misses the orc warrior.
The orc warrior hits you with a +0 long sword!
* * * LOW HITPOINT WARNING * * *
The orc completely misses your hound.
An orc comes into view. It is wielding a +0 short sword.
Your hound barely misses the orc.
You swap places.
Your hound barely misses the orc warrior.
The orc barely misses you. The orc warrior barely misses you.
Your hound closely misses the orc warrior.
The orc warrior barely misses you. The orc closely misses you.
Your hound bites the orc warrior but does no damage.
You swap places.
Your hound barely misses the orc warrior.
Your crimson imp blinks!
Your hound closely misses the orc warrior.
You see here a +0 dagger.
As you read the scroll of teleportation, it crumbles to dust.
You feel strangely unstable.
Your hound barely misses the orc warrior.
The orc warrior hits you with a +0 long sword!
* * * LOW HITPOINT WARNING * * *
Your hound closely misses the orc warrior.
Your hound bites the orc warrior.
The orc warrior hits you with a +0 long sword!
You die...

#.. #..# # #..# #.#
##..# #######...###
#...# #...oo.oo....
#...# #.##h###.###.
#...#####.##o#
#####.........##@###
........#####......+
#####.#.# ##.#.###
........# #.#.#
......### #.#.#
#####.# #....
<.....# ##...
####### ####


You could see an orc warrior (ally target), 2 orcs and a friendly hound
(summoned).

Vanquished Creatures
  2 bullfrogs (D:7)
  A gnoll sergeant (D:7)
  3 killer bees (D:7)
  An orc priest (D:7)
  An iguana (D:4)
  An orc wizard (D:7)
  4 adders
  2 dart slugs
  2 orcs (D:7)
  A ball python (D:2)
  An endoplasm (D:1)
  2 kobolds
  2 bats (D:2)
23 creatures vanquished.

Vanquished Creatures (collateral kills)
  Prince Ribbit (D:6)
  An ice beast (D:6)
  2 black bears (D:7)
  A centaur (D:6)
  An ogre (D:4)
  A necrophage (D:6)
  A killer bee (D:7)
  An orc priest (D:7)
  A hound (D:5)
  2 orc wizards
  An iguana (D:4)
  3 gnolls (D:7)
  2 adders
  2 white imps (D:5)
  A worm (D:4)
  A dart slug (D:3)
  3 orcs
  An endoplasm (D:3)
  4 giant cockroaches
  7 goblins
  2 hobgoblins
  6 jackals
  4 kobolds
  3 quokkas
  3 ball pythons
  2 bats (D:1)
  2 frilled lizards (D:3)
  3 rats
62 creatures vanquished.

Vanquished Creatures (others)
  A fungus (D:1)
1 creature vanquished.

Grand Total: 86 creatures vanquished

Notes
Turn   | Place    | Note
-------+----------+-------------------------------------------
     0 | D:1      | Zeldest the Naga Summoner began the quest for the Orb.
     0 | D:1      | Reached XP level 1. HP: 15/15 MP: 3/3
    95 | D:2      | Reached XP level 2. HP: 24/24 MP: 3/5
    98 | D:2      | Learned a level 2 spell: Call Imp
   109 | D:2      | Reached skill level 1 in Fighting
   109 | D:2      | Reached skill level 1 in Unarmed Combat
   142 | D:2      | Reached XP level 3. HP: 24/31 MP: 3/6
   151 | D:2      | Learned a level 3 spell: Call Canine Familiar
   467 | D:1      | Reached XP level 4. HP: 31/39 MP: 7/7
   486 | D:1      | Found a faded altar of an unknown god.
   781 | D:3      | Found a stormy altar of Qazlal.
   809 | D:3      | Found a white marble altar of Elyvilon.
  1080 | D:4      | Noticed an ogre
  1085 | D:4      | Killed an ogre
  1086 | D:4      | Reached XP level 5. HP: 46/46 MP: 5/9
  1140 | D:4      | Reached skill level 5 in Summonings
  1140 | D:4      | Reached XP level 6. HP: 49/55 MP: 7/10
  1451 | D:5      | Entered Level 5 of the Dungeon
  1461 | D:5      | Found a staircase to the Ecumenical Temple.
  1465 | Temple   | Entered the Ecumenical Temple
  1465 | Temple   | Found a transporter.
  1465 | Temple   | Found a transporter.
  1467 | Temple   | Found a transporter.
  1467 | Temple   | Found a transporter.
  1478 | Temple   | Became a worshipper of Cheibriados the Contemplative
  1824 | D:6      | Reached skill level 1 in Invocations
  1828 | D:6      | Reached XP level 7. HP: 33/62 MP: 4/11
  1883 | D:6      | Found Isaq's Armour Emporium.
  1915 | D:6      | Found a shimmering blue altar of Sif Muna.
  1963 | D:6      | Identified a scroll of acquirement
  2023 | D:6      | Noticed Prince Ribbit
  2033 | D:6      | Killed Prince Ribbit
  2144 | D:7      | Found Adodwok's Weapon Shop.
  2181 | D:7      | Reached skill level 6 in Summonings
  2181 | D:7      | Reached XP level 8. HP: 65/72 MP: 1/12
  2260 | D:7      | Reached * piety under Cheibriados
  2433 | D:7      | Reached skill level 5 in Fighting
  2453 | D:7      | Reached skill level 5 in Unarmed Combat
  2491 | D:7      | Slain by an orc warrior

Illustrated notes

Levels and vault maps discovered:
D:1:      minmay_arrival_up_and_down, layout_loops_ring,
          shapermc_ecumenical_altar_gd, nicolae_wormholes
D:2:      layout_basic, nicolae_elevator_lobby_plus
D:3:      layout_basic, old_standard_altar, elyvilon_altar_1
D:4:      layout_loops_ring
D:5:      layout_loops_corners, minmay_temple_entry_trees
D:6:      layout_cave_pods, lemuel_crystal_altar, nicolae_stop_n_shop_2,
          minmay_misc_feat_room, uniq_prince_ribbit1
D:7:      layout_loops_ring, lemuel_doored_altar, serial_shops,
          nicolae_shop_statue_plus
Temple:   hellmonk_temple_divided_pantheon

Skill      XL: |  1  2  3  4  5  6  7  8 |
---------------+-------------------------+-----
Fighting       | 1 2 3 4 5 |  5.0
Unarmed Combat | 1 2 3 4 5 |  5.0
Spellcasting   | 3 |  3.1
Summonings     | 5 6 |  6.6
Invocations    | 1 3 4 |  4.3
Dodging        | |  1.5
Stealth        | |  3.0

Action                   |  1- 3 |  4- 6 |  7- 9 || total
-------------------------+-------+-------+-------++-------
Melee: Unarmed           |    23 |    43 |    40 ||   106
       Punch             |       |     2 |     2 ||     4
       Trident           |       |       |     9 ||     9
 Cast: Summon Small Mamm |     8 |     8 |     7 ||    23
       Call Imp          |     3 |     6 |     7 ||    16
       Call Canine Famil |     6 |    12 |    15 ||    33
 Abil: Spit Poison       |    11 |     8 |     6 ||    25
Evoke: Wand              |       |       |     1 ||     1
  Use: Scroll            |       |     1 |    13 ||    14
       Potion            |       |     1 |       ||     1
 Stab: Distracted        |       |     2 |     3 ||     5
       Sleeping          |       |       |     1 ||     1
Armor: Robe              |     9 |    17 |    17 ||    43
Dodge: Dodged            |    21 |    42 |    35 ||    98
